 Dungeon Crawl Stone Soup version 0.31-a0-764-g8440623082 (webtiles) character file.

Game seed: 8319611493935757523

98 CoinPitGoblin the Covered (level 4, 0/40 HPs)
             Began as an Armataur Fighter on Sept 15, 2023.
             Slain by a gnoll bouda
             ... wielding a +0 club
              (2 damage)
             ... on level 4 of the Dungeon.
             The game lasted 00:03:53 (2582 turns).

CoinPitGoblin the Covered (Armataur Fighter)        Turns: 2582, Time: 00:03:54

Health: 0/40       AC: 14    Str: 24    XL:     4   Next: 44%
Magic:  4/4        EV:  7    Int:  8    God:
Gold:   153        SH:  4    Dex:  9    Spells: 3/3 levels left

rFire   . . .        a - +0 flail
rCold   . . .        c - +0 buckler
rNeg    . . .        b - +0 scale mail
rPois   .            o - +2 helmet
rElec   .            (no cloak)
rCorr   .            (no gloves)
SInv    .            (no barding)
Will    .....        (no amulet) Stlth
                     i - +4 ring of protection
HPRegen 0.26/turn    (no ring)
MPRegen 0.09/turn

%: roll
@: mighty, hasted, very quick
A: large, rugged brown scales 3, deformed body, armoured tail, roll, long
tongue, awkward tongue
a: no special abilities


You were on level 4 of the Dungeon.
You visited 1 branch of the dungeon, and saw 4 of its levels.

You collected 153 gold pieces.

Inventory:

Hand Weapons
 a - a +0 flail (weapon)
Armour
 b - a +0 scale mail (worn)
 c - a +0 buckler (worn)
 o - a +2 helmet (worn)
Jewellery
 i - a +4 ring of protection (left hand)
Talismans
 u - a blade talisman
Scrolls
 e - a scroll of fear
Potions
 g - a potion of curing {unknown}
 h - 2 potions of mutation
 j - a potion of brilliance {unknown}
 k - 2 potions of ambrosia
 n - 3 potions of attraction
 p - a potion of magic {unknown}
 v - a potion of haste


   Skills:
 + Level 3.2 Fighting
 + Level 2.7 Maces & Flails
 + Level 4.5 Armour
 + Level 0.3 Dodging
 + Level 3.7 Shields


You had 3 spell levels left.
You didn't know any spells.
Your spell library was empty.

Dungeon Overview and Level Annotations

Branches:
Dungeon (4/15)
 Temple: D:4-7

Altars:
Cheibriados

Shops:
D:4 :


Innate Abilities, Weirdness & Mutations

You are completely covered in rugged brown scales. (AC +3, +7% HP)
Armour fits poorly on your strangely shaped body.
You have a long armoured tail.
You roll when moving toward enemies. (Rampage)
Your long tongue fully drains potion bottles. (2x potion effects)
Your tongue gives you trouble enunciating. (1.5x scroll delay)


Message History

You see here 6 gold pieces.
You sock the gnoll!
Your tail-slap misses the gnoll.
The gnoll is almost dead.
The gnoll hits you but does no damage.
You barely miss the gnoll bouda. You tail-slap the gnoll bouda.
The gnoll bouda is moderately wounded.
The gnoll closely misses you.
You hit the gnoll bouda.
The gnoll bouda is severely wounded.
The gnoll bouda hits you but does no damage.
The gnoll hits you from afar with a +0 halberd.
The gnoll bouda hits you with a +0 club.
The gnoll barely misses you.
Unknown command.
You are too injured to fight recklessly!
You are too injured to fight recklessly!
You are too injured to fight recklessly!
You are too injured to fight recklessly!
You are too injured to fight recklessly!
You feel very mighty all of a sudden.
You slurp down every last drop of the potion of might!
The gnoll bouda hits you with a +0 club.
The gnoll hits you from afar with a +0 halberd.
* * * LOW HITPOINT WARNING * * *
It was a potion of haste.
You feel yourself speed up.
You slurp down every last drop of the potion of haste!
The gnoll bouda barely misses you. The gnoll completely misses you.
You barely miss the gnoll bouda.
The gnoll bouda is severely wounded.
The gnoll bouda hits you but does no damage.
You closely miss the gnoll bouda.
The gnoll bouda is severely wounded.
You block the gnoll's attack. The gnoll bouda completely misses you.
You hit the gnoll bouda.
The gnoll bouda is severely wounded.
The gnoll hits you but does no damage.
The gnoll hits you from afar with a +0 halberd of protection!
* * * LOW HITPOINT WARNING * * *
The gnoll bouda hits you with a +0 club.
You die...

#...⌠.⌠....#
#..........#
#....∩.....#
#..........#
#...⌠.⌠....#
#......<.#
##...ggg##
#####g## #@#
#........
#........
#........
#...>....
#........
#........
#........


You could see a gnoll bouda and 3 gnolls.

Vanquished Creatures
  Jessica (D:2)
  3 adders
  A worm (D:2)
  A dart slug (D:3)
  An orc (D:3)
  6 ball pythons
  4 bats
  4 endoplasms
  2 giant cockroaches
  3 goblins
  3 jackals (D:1)
  4 kobolds
  A quokka (D:1)
  A frilled lizard (D:1)
  2 rats (D:2)
37 creatures vanquished.

Notes
Turn   | Place    | Note
-------+----------+-------------------------------------------
     0 | D:1      | CoinPitGoblin the Armataur Fighter began the quest for the
                  | Orb.
     0 | D:1      | Reached XP level 1. HP: 19/19 MP: 1/1
   143 | D:1      | Reached XP level 2. HP: 18/26 MP: 2/2
   751 | D:2      | Reached skill level 4 in Armour
   967 | D:2      | Found a faded altar of an unknown god.
  1002 | D:2      | Reached XP level 3. HP: 32/33 MP: 3/3
  1458 | D:2      | Found a snail-covered altar of Cheibriados.
  1487 | D:2      | Noticed Jessica
  1492 | D:2      | Killed Jessica
  1493 | D:2      | Reached XP level 4. HP: 38/40 MP: 4/4
  2568 | D:4      | Found Ejeng's Vocational Training.
  2582 | D:4      | HP: 2/40 [gnoll/+0 halberd of protection[a gnoll bouda]
                  | (10)]
  2582 | D:4      | Slain by a gnoll bouda

Illustrated notes

Levels and vault maps discovered:
D:1:      sevenhm_arrival_forest_fort_large_2, layout_rooms
D:2:      layout_basic, basic_altar, shapermc_ecumenical_altar_venn,
          uniq_jessica
D:3:      layout_basic, chequers_jeans
D:4:      layout_rooms, kennysheep_mini_moat, nicolae_shop_vocational

Skill      XL: |  1  2 |
---------------+-------+-----
Maces & Flails | 2 |  2.7
Fighting       | 3 |  3.2
Armour         | 4 |  4.5
Dodging        | |  0.3
Shields        | |  3.7

Action                     |  1- 3 |  4- 6 || total
---------------------------+-------+-------++-------
  Melee: Flail             |    65 |    36 ||   101
         Tailslap          |     7 |     1 ||     8
    Use: Scroll            |       |    10 ||    10
         Potion            |       |     2 ||     2
 Armour: Scale mail        |    44 |    40 ||    84
  Dodge: Dodged            |    22 |    16 ||    38
  Block: Buckler           |    11 |     5 ||    16

Table legend: (Time is in decaauts)
 A = Elapsed time spent in this place.
 B = Non-inter-level travel time spent in this place.
 C = Inter-level travel time spent in this place.
 D = Time resting spent in this place.
 E = Time spent auto-exploring this place.
 F = Levels seen in this place.
 G = Mean time per level.
                   A        B        C        D        E       F      G
               +--------+--------+--------+--------+--------+-----+--------+
         Total |   2619 |   2252 |    367 |      0 |   1917 |   4 |  654.8 |
       Dungeon |   2619 |   2252 |    367 |      0 |   1917 |   4 |  654.8 |
               +--------+--------+--------+--------+--------+-----+--------+

Top non-repeatable levels by time:
     D:2: 1062 daAuts
     D:3: 792 daAuts
     D:1: 746 daAuts
     D:4: 18 daAuts
